 Dungeon Crawl Stone Soup version 0.27-a0-1139-g28e009f8a6 (webtiles) character file.

Game seed: 13257477847919693763

46 DarkShadow the Covered (level 3, -4/33 HPs)
             Began as a Minotaur Fighter on May 8, 2021.
             Slain by Sigmund
             ... wielding a +0 scythe
              (5 damage)
             ... on level 2 of the Dungeon.
             The game lasted 00:01:39 (1329 turns).

DarkShadow the Covered (Minotaur Fighter)           Turns: 1329, Time: 00:01:39

Health: -4/33      AC:  7    Str: 21    XL:     3   Next: 44%
Magic:  2/2        EV:  7    Int:  5    God:
Gold:   75         SH:  9    Dex:  9    Spells: 2/2 levels left

rFire    . . .     SeeInvis .   a - +0 long sword
rCold    . . .     Faith    .   c - +0 kite shield
rNeg     . . .     Spirit   .   b - +0 scale mail
rPois    .         Reflect  .   (helmet restricted)
rElec    .         Harm     .   (no cloak)
rCorr    .         Rampage  .   (no gloves)
Will     .....                  (no boots)
Stlth    ..........             (no amulet)
HPRegen  0.11/turn              (no ring)
MPRegen  0.08/turn              (no ring)

@: mighty
A: horns 2, retaliatory headbutt
a: no special abilities


You were on level 2 of the Dungeon.
You visited 1 branch of the dungeon, and saw 2 of its levels.

You collected 75 gold pieces.

Inventory:

Hand Weapons
 a - a +0 long sword (weapon)
Armour
 b - a +0 scale mail (worn)
 c - a +0 kite shield (worn)
Scrolls
 e - a scroll of holy word {unknown}
 f - a scroll of blinking {unknown}
 h - a scroll of fear {unknown}
 i - a scroll of teleportation {unknown}
 j - a scroll of identify {unknown}
Potions
 g - 2 potions of mutation {unknown}
 k - a potion of curing {unknown}


   Skills:
 + Level 4.1 Fighting
 + Level 3.2 Long Blades
 + Level 4.2 Armour
 + Level 0.2 Dodging
 + Level 4.0 Shields


You had 2 spell levels left.
You didn't know any spells.
Your spell library contained the following spells:

 Spells                   Type           Power      Damage    Failure   Level
 Animate Skeleton         Necr           0%         N/A       99%         1
 Apportation              Tloc           0%         N/A       99%         1
 Corona                   Hex            0%         N/A       99%         1
 Summon Small Mammal      Summ           0%         N/A       99%         1


Dungeon Overview and Level Annotations

Branches:
Dungeon (2/15)

Altars:

Annotations:
D:2 Sigmund


Innate Abilities, Weirdness & Mutations

You have a pair of horns on your head.
You reflexively headbutt those who attack you in melee.


Message History

There is an open door here.
The kobold barely misses you. Something hits you but does no damage.
Something hits you but does no damage.
There is an open door here.
You hit the kobold but do no damage. Something hits you.
The kobold closely misses you. You furiously retaliate!
You headbutt the kobold. You barely miss the kobold.
The kobold is heavily wounded.
Something hits you but does no damage. You block the kobold's attack.
You block something's attack. The kobold barely misses you.
You barely miss the kobold. Your headbutt misses the kobold.
The kobold is heavily wounded.
You block something's attack. You block the kobold's attack.
You completely miss the kobold.
The kobold is heavily wounded.
Something hits you. The kobold hits you but does no damage.
You block something's attack. The kobold hits you but does no damage.
You completely miss the kobold. Your headbutt misses the kobold.
The kobold is heavily wounded.
Something hits you. You block the kobold's attack.
You slash the kobold!
You kill the kobold!
Something hits you. Something hits you!
* * * LOW HITPOINT WARNING * * *
Something hits you.
* * * LOW HITPOINT WARNING * * *
There is an open door here.
Things that are here:
a +0 whip; 5 stones; a kobold corpse You feel very mighty all of a sudden.
Something hits you.
* * * LOW HITPOINT WARNING * * *
You slash something!
You hear some strange, mumbled words.
A magic dart appears from out of thin air!
The magic dart hits you.
* * * LOW HITPOINT WARNING * * *
You barely miss something. Something hits you.
You die...

.....####...########.#
###### ###.# #.# #.#
#.# ##+# #.# #####
##...# #.###...##
#.....# #.##.###.##
.......## #...## ##.#
......(.####.).# #.#
.......{@......## ##.##
.......!####..#.###.#.#
.......## ##..#...#.##
#.....# #.#.###.##
##...# #.##.#.## ##+#
#.###.## #.# ### #.#
#.#


There were no monsters in sight!

Vanquished Creatures
  3 dart slugs
  3 bats
  2 endoplasms (D:1)
  A giant cockroach (D:1)
  7 hobgoblins
  3 jackals (D:1)
  4 ball pythons
  4 frilled lizards (D:1)
  3 goblins (D:1)
  4 kobolds
  3 rats
37 creatures vanquished.

Notes
Turn   | Place    | Note
-------+----------+-------------------------------------------
     0 | D:1      | DarkShadow the Minotaur Fighter began the quest for the
                  | Orb.
     0 | D:1      | Reached XP level 1. HP: 19/19 MP: 0/0
   177 | D:1      | Reached XP level 2. HP: 27/27 MP: 1/1
   753 | D:1      | Reached XP level 3. HP: 29/33 MP: 2/2
  1313 | D:2      | Noticed Sigmund
  1328 | D:2      | HP: 1/33 [something/magic dart (2)]
  1329 | D:2      | Slain by Sigmund

Illustrated notes

Levels and vault maps discovered:
D:1:      dpeg_arrival_round_c, layout_basic
D:2:      layout_loops_corners, basic_altar, grunt_decor_mini_mirrors,
          uniq_sigmund

Skill      XL: |  1  2  3 |
---------------+----------+-----
Armour         | 4 |  4.2
Fighting       | 4 |  4.1
Shields        | 4 |  4.0
Long Blades    | 3 |  3.2
Dodging        | |  0.2

Action                   || total
-------------------------++-------
Melee: Long sword        ||    73
       Headbutt          ||     8
  Use: Potion            ||     1
Armor: Scale mail        ||    20
Dodge: Dodged            ||    25
Block: Kite shield       ||    44
       Rpst.: Long sword ||     7

Table legend: (Time is in decaauts)
 A = Elapsed time spent in this place.
 B = Non-inter-level travel time spent in this place.
 C = Inter-level travel time spent in this place.
 D = Time resting spent in this place.
 E = Time spent auto-exploring this place.
 F = Levels seen in this place.
 G = Mean time per level.
                   A        B        C        D        E       F      G
               +--------+--------+--------+--------+--------+-----+--------+
         Total |   1364 |   1343 |     21 |      0 |   1140 |   2 |  682.0 |
       Dungeon |   1364 |   1343 |     21 |      0 |   1140 |   2 |  682.0 |
               +--------+--------+--------+--------+--------+-----+--------+

Top non-repeatable levels by time:
     D:1: 1094 daAuts
     D:2: 269 daAuts
